 Dungeon Crawl Stone Soup version 0.19-a0-1041-g82b1012 (webtiles) character file.

178 Gorice the Stinger (level 5, -4/36 HPs)
             Began as a Demonspawn Venom Mage on July 30, 2016.
             Killed by divine providence
             ... invoked by an orc priest
              (15 damage)
             ... on level 4 of the Dungeon.
             The game lasted 00:15:31 (3407 turns).

Gorice the Stinger (Demonspawn Venom Mage)          Turns: 3407, Time: 00:15:33

Health: -4/36      AC: 10    Str:  9    XL:     5   Next: 32%
Magic:  2/9        EV: 10    Int: 16    God:
Gold:   30         SH:  0    Dex: 14    Spells: 1 memorised, 8 levels left

rFire  . . .     SeeInvis .     a - +0 flail
rCold  . . .     Gourm    .     l - +0 ring mail
rNeg   . . .     Faith    .     (no shield)
rPois  .         Spirit   .     n - +0 helmet
rElec  .         Dismiss  .     (no cloak)
rCorr  .         Reflect  .     t - +2 pair of gloves
SustAt .         Harm     .     (no boots)
MR     .....                    (no amulet)
Stlth  +.........               (no ring)
                                (no ring)

@: not resistant to hostile enchantments, very unstealthy
A: rugged brown scales 1
a: no special abilities


You were on level 4 of the Dungeon.
You were not hungry.

You visited 1 branch of the dungeon, and saw 4 of its levels.

You collected 192 gold pieces.
You spent 162 gold pieces at shops.

Inventory:

Hand Weapons
 a - a +0 flail (weapon)
 b - a +0 hunting sling
Missiles
 h - 25 sling bullets
 r - 2 tomahawks
 Z - 84 stones (quivered)
Armour
 e - a +1 hat
 j - a +0 robe
 l - a +0 ring mail (worn)
 n - a +0 helmet (worn)
 s - a +0 chain mail
 t - a +2 pair of gloves (worn)
Scrolls
 v - a scroll of blinking
 w - 2 scrolls of teleportation {!r}
Potions
 d - 2 potions of lignification {!q}
 f - a potion of heal wounds {!q}
 g - 2 potions of ambrosia
 k - 2 potions of brilliance {!q}
 m - a potion of curing
 u - a potion of might {unknown}
Books
 q - a Young Poisoner's Handbook
Comestibles
 c - 3 bread rations {!e}
 i - 3 meat rations {!e}
 o - a beef jerky


   Skills:
 + Level 1.8 Armour
 - Level 1.7 Dodging
 - Level 1.7 Stealth
 + Level 2.7 Spellcasting
 - Level 4.0 Conjurations
 - Level 4.0 Poison Magic


You had 8 spell levels left.
You knew the following spells:

 Your Spells              Type           Power        Failure   Level  Hunger
a - Sting                 Conj/Pois      ##..         12%         1    #......


Dungeon Overview and Level Annotations

Branches:
Dungeon (4/15)
 Temple: D:4-7

Altars:

Shops:
D:4 ?


Innate Abilities, Weirdness & Mutations

You are partially covered in rugged brown scales. (AC +1, +3% HP)


Message History

The orc priest hits you.
* * * LOW HITPOINT WARNING * * *
Damage: 1 (max 9)
You closely miss the orc priest.
The orc priest is moderately wounded.
The orc priest hits you.
* * * LOW HITPOINT WARNING * * *
Damage: 1 (max 9)
You barely miss the orc priest.
The orc priest is moderately wounded.
The orc priest hits you but does no damage.
The orc priest barely misses you.
You hit the orc priest but do no damage.
The orc priest is moderately wounded.
The orc priest looks more healthy.
The orc priest hits you.
* * * LOW HITPOINT WARNING * * *
You completely miss the orc priest.
The orc priest is heavily wounded.
The orc priest hits you but does no damage.
Casting: Sting
Confirm with . or Enter, or press ? or * to list all spells.
Aiming: Sting
Press: ? - help, Shift-Dir - straight line, f/p - orc priest
Aim: an orc priest, wearing a leather armour (heavily wounded)
The sting hits the orc priest.
The orc priest is heavily wounded.
The orc priest hits you but does no damage.
You closely miss the orc priest.
The orc priest is heavily wounded.
The orc priest hits you but does no damage. x2
Casting: Sting
Confirm with . or Enter, or press ? or * to list all spells.
Aiming: Sting
Press: ? - help, Shift-Dir - straight line, f/p - orc priest
Aim: an orc priest, wearing a leather armour (heavily wounded)
The sting hits the orc priest.
The orc priest is poisoned.
The orc priest is severely wounded.
The orc priest hits you but does no damage.
You closely miss the orc priest.
The orc priest is severely wounded.
The orc priest hits you but does no damage.
You closely miss the orc priest.
The orc priest is severely wounded.
The orc priest barely misses you.
The orc priest casts a cantrip, but nothing happens.
You barely miss the orc priest.
The orc priest is almost dead.
The orc priest invokes the aid of Beogh against you.
Beogh smites you!
You die...

#.# ############# #
#.# #...........# #
#o####...........###
#.##................
#.##.....#.####.....
#o##.....#.####.....
#.##................
#.##................
#.o@................
####............####
#.....########
#.....# #.....#
#######


You could see an orc priest.

Vanquished Creatures
  A mummy (D:4)
  5 adders
  3 worms
  2 dart slugs
  3 giant geckos
  9 orcs
  17 bats
  7 giant cockroaches
  12 goblins
  7 hobgoblins
  2 jackals (D:3)
  7 kobolds
  A quokka (D:3)
  10 giant newts
  2 hobgoblin zombies (D:4)
  A kobold zombie (D:4)
  An orc zombie (D:4)
  8 rats
98 creatures vanquished.

Notes
Turn   | Place    | Note
-------+----------+-------------------------------------------
     0 | D:1      | Gorice the Demonspawn Venom Mage began the quest for the Orb.
     0 | D:1      | Reached XP level 1. HP: 13/13 MP: 3/3
   220 | D:1      | Reached skill level 1 in Conjurations
   368 | D:1      | Gained mutation: You are partially covered in rugged brown scales. (AC +1, +3% HP) [demonic ancestry]
   368 | D:1      | Reached XP level 2. HP: 13/19 MP: 3/5
   515 | D:1      | Reached skill level 2 in Conjurations
   877 | D:1      | Reached XP level 3. HP: 24/24 MP: 0/6
  1210 | D:1      | Reached skill level 3 in Conjurations
  1484 | D:2      | HP: 7/24 [adder (4)]
  1749 | D:2      | Reached XP level 4. HP: 22/30 MP: 2/7
  2232 | D:3      | Reached skill level 4 in Conjurations
  2629 | D:3      | Reached skill level 1 in Armour
  2925 | D:3      | Reached XP level 5. HP: 31/36 MP: 2/8
  3232 | D:4      | Found Daetih's Magic Scroll Emporium.
  3236 | D:4      | Bought a scroll of blinking for 97 gold pieces
  3236 | D:4      | Bought a scroll of teleportation for 39 gold pieces
  3236 | D:4      | Bought a scroll of identify for 26 gold pieces
  3398 | D:4      | HP: 10/36 [orc priest (1)]
  3407 | D:4      | Killed from afar by an orc priest

Vault maps used:
D:1:      dpeg_arrival_solitude, minmay_close_crescents
D:2:      minmay_diamond_boxcup
D:3:      dk_noncrumbling_2
D:4:      minmay_opposing_rooms, minitemple, first_bread, serial_shops,
          nicolae_shop_behind_doors, shop_coins, shop_fountains,
          minmay_mini_ossuary

Skill      XL: |  1  2  3  4 |
---------------+-------------+-----
Conjurations   | 1 2 3 4 |  4.0
Armour         | 1 |  1.8
Dodging        | |  1.7
Stealth        | |  1.7
Spellcasting   | |  2.7
Poison Magic   | |  4.0

Action                   |  1- 3 |  4- 6 || total
-------------------------+-------+-------++-------
Melee: Unarmed           |    40 |       ||    40
       Flail             |     7 |   134 ||   141
 Fire: Hunting sling     |       |     1 ||     1
 Cast: Sting             |    81 |    68 ||   149
  Use: Scroll            |     3 |     5 ||     8
       Potion            |     2 |       ||     2
  Eat: Chunk             |     4 |     7 ||    11
Armor: Robe              |    23 |       ||    23
       Ring mail         |    20 |    83 ||   103
Dodge: Dodged            |    86 |   100 ||   186

Table legend:
 A = Turns spent in this place as a percentage of turns spent in the entire game.
 B = Non-inter-level travel turns spent in this place as a percentage of non-inter-level travel turns spent in the entire game.
 C = Inter-level travel turns spent in this place as a percentage of turns spent in this place.
 D = Turns resting spent in this place as a percentage of non-inter-level travel turns spent in this place.
 E = Turns spent auto-exploring this place as a percentage of non-inter-level travel turns spent in this place.
 F = Non-inter-level travel turns spent in this place divided by the number of levels of this place that you've seen.
                   A       B       C       D       E      F
               +-------+-------+-------+-------+-------+----------------------
         Total | 100.0 | 100.0 |   0.2 |   2.6 |   6.8 | 313.0
       Dungeon | 100.0 | 100.0 |   0.2 |   2.6 |   6.8 | 313.0
               +-------+-------+-------+-------+-------+----------------------

Vault maps used:
D:1:      dpeg_arrival_solitude, minmay_close_crescents
D:2:      minmay_diamond_boxcup
D:3:      dk_noncrumbling_2
D:4:      minmay_opposing_rooms, minitemple, first_bread, serial_shops,
          nicolae_shop_behind_doors, shop_coins, shop_fountains,
          minmay_mini_ossuary
